 Dungeon Crawl Stone Soup version 0.27-a0-1202-ge72e49191c (webtiles) character file.

Game seed: 18289195610745380055

693 Feb132020 the Gusty (level 7, 0/33 HPs)
             Began as a Tengu Air Elementalist on June 2, 2021.
             Was a Believer of Qazlal.
             Slain by a centaur (5 damage)
             ... on level 5 of the Dungeon.
             The game lasted 00:12:59 (5044 turns).

Feb132020 the Gusty (Tengu Air Elementalist)        Turns: 5044, Time: 00:13:00

Health: 0/33       AC:  2    Str: 10    XL:     7   Next: 64%
Magic:  14/14      EV: 15    Int: 22    God:    Qazlal [**....]
Gold:   244        SH:  2    Dex: 14    Spells: 5/15 levels left

rFire    . . .     SeeInvis .   m - +3 dagger (vamp)
rCold    . . .     Faith    .   (no shield)
rNeg     . . .     Spirit   .   a - +0 robe
rPois    .         Reflect  .   (helmet restricted)
rElec    .         Harm     .   (no cloak)
rCorr    .         Rampage  .   (no gloves)
Will     +....                  (boots unavailable)
Stlth    ++........             i - amulet of the acrobat
HPRegen  0.11/turn              d - +6 ring of intelligence
MPRegen  0.14/turn              (no ring)

@: flying quickly and evasively, quick
A: beak, talons 3, nimble flight, frail 1, strong-willed 1
a: Renounce Religion, Upheaval


You were on level 5 of the Dungeon.
You worshipped Qazlal.
Qazlal was pleased with you.
You visited 1 branch of the dungeon, and saw 5 of its levels.

You collected 244 gold pieces.

Inventory:

Hand Weapons
 f - a +0 dagger
 m - a +3 vampiric dagger (weapon)
Armour
 a - a +0 robe (worn)
Jewellery
 d - a +6 ring of intelligence (left hand)
 i - an amulet of the acrobat (around neck)
 r - an amulet of guardian spirit
Wands
 o - a wand of mindburst (9)
Scrolls
 e - a scroll of enchant armour
 j - a scroll of amnesia
 s - a scroll of blinking {unknown}
Potions
 b - a potion of might
 c - 2 potions of invisibility
 k - a potion of berserk rage {unknown}
 l - 2 potions of magic
 n - a potion of brilliance {unknown}
 p - a potion of haste {unknown}
 q - a potion of attraction {unknown}


   Skills:
 + Level 0.5 Fighting
 + Level 1.7 Short Blades
 + Level 3.3 Dodging
 + Level 3.1 Stealth
 + Level 0.1 Shields
 + Level 4.5 Spellcasting
 + Level 4.6 Conjurations
 + Level 6.6 Air Magic


You had 5 spell levels left.
You knew the following spells:

 Your Spells              Type           Power      Damage    Failure   Level
a - Shock                 Conj/Air       100%       1d9       1%          1
b - Static Discharge      Conj/Air       30%        N/A       1%          2
c - Airstrike             Air            17%        N/A       7%          4
s - Swiftness             Air            34%        N/A       1%          3

Your spell library contained the following spells:

 Spells                   Type           Power      Damage    Failure   Level
 Lightning Bolt           Conj/Air       15%        1d29      28%         5


Dungeon Overview and Level Annotations

Branches:
Dungeon (5/15)             Temple (0/1) D:5

Altars:
Ashenzari
Gozag
Qazlal


Innate Abilities, Weirdness & Mutations

You have a beak for a mouth.
You have claws for feet.
Your magical nature lets you fly swiftly and evasively.
You are frail. (-10% HP)
You are strong-willed. (Will+)


Message History

The centaur barely misses you. The centaur kicks you. The centaur hits you.
The centaur kicks you but does no damage.
You hit the centaur. You peck the centaur, but do no damage.
The centaur is heavily wounded.
The centaur misses you. The centaur kicks you.
You hit the centaur. You claw the centaur. You peck the centaur.
The centaur is severely wounded.
The centaur hits you. The centaur barely misses you.
You are too injured to fight recklessly!
You are too injured to fight recklessly!
You are too injured to fight recklessly!
You closely miss the centaur.
The centaur is severely wounded.
The centaur hits you but does no damage.
The centaur misses you. The centaur barely misses you.
The centaur kicks you but does no damage.
You closely miss the centaur.
The centaur is severely wounded.
The centaur hits you. The centaur misses you.
You barely miss the centaur. Your kick misses the centaur.
The centaur is severely wounded.
The centaur hits you.
The centaur kicks you but does no damage.
The centaur hits you.
* * * LOW HITPOINT WARNING * * *
The centaur kicks you.
* * * LOW HITPOINT WARNING * * *
You hit the centaur.
You feel better.
The centaur is almost dead.
The centaur misses you. The centaur kicks you.
* * * LOW HITPOINT WARNING * * *
You hit the centaur.
You feel better.
The centaur is almost dead.
The centaur misses you. The centaur closely misses you.
You barely miss the centaur.
The centaur is almost dead.
The centaur hits you.
* * * LOW HITPOINT WARNING * * *
The centaur misses you. The centaur hits you.
You die...

#.# #.. #.# #.# ## ##.#
###. ..# #... #c# ##
##.#.###@# .# #........#
.# #.._...########
.########..8...####...#
..........._....>.....#
........#......####...#
<..##...###...## ##.##
........####.## #.#####
.#.........#.#######.....#


You could see a centaur.

Vanquished Creatures
  A sky beast (D:5)
  2 ogres (D:4)
  A necrophage (D:4)
  3 scorpions
  A hound (D:2)
  Ijyb (D:4)
  An iguana (D:5)
  A howler monkey skeleton (D:4)
  3 adders
  A shadow imp (D:5)
  An ufetubus (D:4)
  An orc (D:4)
  8 endoplasms
  A giant cockroach (D:1)
  3 goblins
  10 hobgoblins
  5 kobolds
  A quokka (D:1)
  5 ball pythons
  2 bats
  2 frilled lizards
  A rat (D:1)
55 creatures vanquished.

Notes
Turn   | Place    | Note
-------+----------+-------------------------------------------
     0 | D:1      | Feb132020 the Tengu Air Elementalist began the quest for
                  | the Orb.
     0 | D:1      | Reached XP level 1. HP: 10/10 MP: 4/4
   319 | D:1      | Reached XP level 2. HP: 15/15 MP: 3/6
   322 | D:1      | Learned a level 2 spell: Static Discharge
   589 | D:1      | Found a faded altar of an unknown god.
   598 | D:1      | Became a worshipper of Qazlal Stormbringer
   598 | D:1      | Reached * piety under Qazlal
  1409 | D:2      | Reached XP level 3. HP: 7/19 MP: 2/7
  1413 | D:2      | Learned a level 3 spell: Swiftness
  1882 | D:2      | Reached XP level 4. HP: 24/24 MP: 1/9
  2995 | D:4      | Noticed a scorpion
  3001 | D:4      | Killed a scorpion
  3002 | D:4      | Reached skill level 5 in Air Magic
  3002 | D:4      | Gained mutation: Your magical nature lets you fly swiftly
                  | and evasively. [Tengu growth]
  3002 | D:4      | Reached XP level 5. HP: 28/28 MP: 2/10
  3077 | D:4      | Noticed Ijyb
  3086 | D:4      | Killed Ijyb
  3293 | D:4      | Noticed a necrophage
  3372 | D:4      | Killed a necrophage
  3373 | D:4      | Reached skill level 1 in Short Blades
  3373 | D:4      | Reached XP level 6. HP: 22/32 MP: 2/12
  3437 | D:4      | Reached ** piety under Qazlal
  3660 | D:4      | Reached XP level 7. HP: 37/37 MP: 8/14
  4279 | D:5      | Entered Level 5 of the Dungeon
  4279 | D:5      | Found a staircase to the Ecumenical Temple.
  4287 | D:4      | Learned a level 4 spell: Airstrike
  4287 | D:4      | Gained mutation: Your spells are a little harder to cast,
                  | but a little more powerful. [potion of mutation]
  4287 | D:4      | Gained mutation: You are clumsy. (Dex -2) [potion of
                  | mutation]
  4288 | D:4      | Lost mutation: Your spells are a little harder to cast, but
                  | a little more powerful. [potion of mutation]
  4288 | D:4      | Lost mutation: You are clumsy. (Dex -2) [potion of
                  | mutation]
  4288 | D:4      | Gained mutation: You are frail. (-10% HP) [potion of
                  | mutation]
  4288 | D:4      | Gained mutation: You are strong-willed. (Will+) [potion of
                  | mutation]
  4296 | D:5      | Reached skill level 6 in Air Magic
  4436 | D:5      | Found an opulent altar of Gozag.
  4436 | D:5      | Found a broken altar of Ashenzari.
  5044 | D:5      | Slain by a centaur

Illustrated notes

Levels and vault maps discovered:
D:1:      psy_arrival_basics, layout_loops_ring, ebering_ecumenical_altar_rust
D:2:      layout_basic
D:3:      layout_loops_ring, serial_glass, glass_columns_b, glass_columns_b,
          glass_columns_a, glass_columns_a, glass_columns_c, glass_columns_a,
          glass_columns_a, glass_columns_b, glass_columns_a, glass_columns_b,
          glass_columns_c, glass_columns_a, glass_columns_a, glass_columns_b,
          kennysheep_generic_room_11
D:4:      layout_loops_ring, uniq_ijyb
D:5:      layout_loops_ring, chequers_temple_overflow_statue_of_worship,
          lemuel_round_altar, minmay_temple_entry_statues

Skill      XL: |  1  2  3  4  5  6  7 |
---------------+----------------------+-----
Conjurations   | 2 3 4 |  4.6
Spellcasting   | 3 4 |  4.5
Air Magic      | 5 6 |  6.6
Short Blades   | 1 |  1.7
Dodging        | 3 |  3.3
Stealth        | 3 |  3.1
Fighting       | |  0.5
Shields        | |  0.1

Action                   |  1- 3 |  4- 6 |  7- 9 || total
-------------------------+-------+-------+-------++-------
Melee: Dagger            |    23 |    28 |    13 ||    64
       Kick              |     4 |    10 |     1 ||    15
       Peck              |     2 |     2 |     3 ||     7
 Cast: Shock             |    59 |    35 |    24 ||   118
       Static Discharge  |       |    13 |       ||    13
       Airstrike         |       |       |     3 ||     3
  Use: Potion            |     2 |       |     2 ||     4
       Scroll            |       |     2 |     2 ||     4
Armor: Robe              |     7 |     1 |     4 ||    12
Dodge: Dodged            |    18 |    21 |    23 ||    62
Block: Other             |       |     3 |       ||     3

Table legend: (Time is in decaauts)
 A = Elapsed time spent in this place.
 B = Non-inter-level travel time spent in this place.
 C = Inter-level travel time spent in this place.
 D = Time resting spent in this place.
 E = Time spent auto-exploring this place.
 F = Levels seen in this place.
 G = Mean time per level.
                   A        B        C        D        E       F      G
               +--------+--------+--------+--------+--------+-----+--------+
         Total |   4937 |   4823 |    114 |      6 |   4451 |   5 |  987.4 |
       Dungeon |   4937 |   4823 |    114 |      6 |   4451 |   5 |  987.4 |
               +--------+--------+--------+--------+--------+-----+--------+

Top non-repeatable levels by time:
     D:1: 1397 daAuts
     D:4: 1261 daAuts
     D:2: 879 daAuts
     D:5: 716 daAuts
     D:3: 683 daAuts
